MLB
OAKLAND ATHLETICS @ NEW YORK YANKEES
05/13/2018
 
TOP OF THE 1ST
Oakland Athletics batting - Pitching for New York Yankees : RHP Ben Lively
Pitching: RHP Ben Lively
Batting: RHB DJ LeMahieu 0-0: Foul Ball, location: 2F
0-1: Called Strike
0-2: Ball
1-2: Foul Ball, location: 2F
1-2: Ball
2-2: Fly out, F9 (Flyball, 9LM)
Batting: LHB Herschel Powell 0-0: Ball
1-0: Ball
2-0: Ball
3-0: Hit by Pitch
Batting: RHB Rhys Hoskins 0-0: Ball
1-0: Called Strike
1-1: Grounds into double play, 6-4-3 (Groundball, 6)
Top of the 1st over - 0 runs, 0 hits, 0 errors, 0 left on base; Oakland 0 - New York 0
BOTTOM OF THE 1ST
New York Yankees batting - Pitching for Oakland Athletics : LHP Gio Gonzalez
Pitching: LHP Gio Gonzalez
Batting: RHB Manny Margot 0-0: Ball
1-0: SINGLE (Line Drive, 4MD)
Batting: LHB Willie Calhoun 0-0: Called Strike
0-1: Ball
1-1: Ball
2-1: SINGLE (Groundball, 34D)
Manny Margot to second
Throwing error, E9
Manny Margot scores
Willie Calhoun to second
Batting: RHB Ryan Braun 0-0: Ball
1-0: Ball
2-0: Ball
3-0: Base on Balls
Batting: RHB Anthony Rendon 0-0: Fielders Choice at 2nd, 3-6 (Groundball, 34)
Willie Calhoun to third
Batting: RHB Devon Travis 0-0: Called Strike
0-1: Foul Ball, location: 2F
0-2: Ball
1-2: Fielders Choice at 2nd, 1-4 (Groundball, 15)
Batting: RHB Francisco Cervelli 0-0: Called Strike
0-1: SINGLE (Groundball, 56D)
Willie Calhoun scores
Devon Travis to second
Batting: LHB Brandon Crawford 0-0: Swinging Strike
0-1: Ball
1-1: SINGLE (Line Drive, 6MD)
Devon Travis to third
Francisco Cervelli to second
Runner from 3rd tries for Home, SAFE, throw made home
Batting: LHB Logan Morrison 0-0: Called Strike
0-1: Swinging Strike
0-2: Ball
1-2: Ground out 2-3 (Groundball, 13S)
Bottom of the 1st over - 3 runs, 4 hits, 1 error, 2 left on base; Oakland 0 - New York 3
TOP OF THE 2ND
Oakland Athletics batting - Pitching for New York Yankees : RHP Ben Lively
Batting: RHB Paul Goldschmidt 0-0: Called Strike
0-1: Swinging Strike
0-2: Ball
1-2: Fly out, F4 (Popup, 4S)
Batting: RHB Cam Gallagher 0-0: Ball
1-0: Ball
2-0: SINGLE (Groundball, 6MD)
Batting: LHB Shin-Soo Choo 0-0: Called Strike
0-1: Swinging Strike
0-2: Ball
1-2: Ball
2-2: Fly out, F7 (Flyball, 7)
Batting: LHB Didi Gregorius 0-0: Ball
1-0: Fly out, F8 (Flyball, 8RD)
Top of the 2nd over - 0 runs, 1 hit, 0 errors, 1 left on base; Oakland 0 - New York 3
BOTTOM OF THE 2ND
New York Yankees batting - Pitching for Oakland Athletics : LHP Gio Gonzalez
Batting: LHB Tony Kemp 0-0: Ball
1-0: Called Strike
1-1: Foul Ball, location: 2F
1-2: Ground out 2-3 (Groundball, 2L)
Batting: RHB Manny Margot 0-0: Called Strike
0-1: Ground out 4-3 (Groundball, 4)
Batting: LHB Willie Calhoun 0-0: Called Strike
0-1: Ball
1-1: Foul Ball, location: 2F
1-2: Strikes out swinging
Bottom of the 2nd over - 0 runs, 0 hits, 0 errors, 0 left on base; Oakland 0 - New York 3
TOP OF THE 3RD
Oakland Athletics batting - Pitching for New York Yankees : RHP Ben Lively
Batting: RHB Chris Owings 0-0: SOLO HOME RUN (Flyball, 7LD), Distance : 346 ft
Batting: LHB Max Schrock 0-0: Ball
1-0: Fly out, F9 (Flyball, 9LM)
Batting: RHB DJ LeMahieu 0-0: Ball
1-0: Ball
2-0: Ground out 3-1 (Groundball, 34)
Batting: LHB Herschel Powell 0-0: Called Strike
0-1: Ball
1-1: Ground out 4-3 (Groundball, 4)
Top of the 3rd over - 1 run, 1 hit, 0 errors, 0 left on base; Oakland 1 - New York 3
BOTTOM OF THE 3RD
New York Yankees batting - Pitching for Oakland Athletics : LHP Gio Gonzalez
Batting: RHB Ryan Braun 0-0: Called Strike
0-1: Ball
1-1: Ball
2-1: Ball
3-1: SINGLE (Line Drive, 4M)
Batting: RHB Anthony Rendon 0-0: Ball
1-0: Swinging Strike
1-1: Ball
2-1: Foul Ball, location: 2F
2-2: Grounds into double play, 6-4-3 (Groundball, 6)
Batting: RHB Devon Travis 0-0: Ball
1-0: Ball
2-0: Ground out 6-3 (Groundball, 6)
Bottom of the 3rd over - 0 runs, 1 hit, 0 errors, 0 left on base; Oakland 1 - New York 3
TOP OF THE 4TH
Oakland Athletics batting - Pitching for New York Yankees : RHP Ben Lively
Batting: RHB Rhys Hoskins 0-0: Ground out 6-3 (Groundball, 6)
Batting: RHB Paul Goldschmidt 0-0: Ball
1-0: Ball
2-0: Foul Ball, location: 2F
2-1: Ground out 6-3 (Groundball, 6M)
Batting: RHB Cam Gallagher 0-0: Ground out 5-3 (Groundball, 5)
Top of the 4th over - 0 runs, 0 hits, 0 errors, 0 left on base; Oakland 1 - New York 3
BOTTOM OF THE 4TH
New York Yankees batting - Pitching for Oakland Athletics : LHP Gio Gonzalez
Batting: RHB Francisco Cervelli 0-0: Called Strike
0-1: Ball
1-1: Swinging Strike
1-2: Strikes out swinging, 2-3 out at first.
Batting: LHB Brandon Crawford 0-0: Ball
1-0: Ball
2-0: Foul Ball, location: 2F
2-1: SOLO HOME RUN (Flyball, 7D), Distance : 382 ft
Batting: LHB Logan Morrison 0-0: Ball
1-0: Ball
2-0: Called Strike
2-1: Swinging Strike
2-2: Ball
3-2: Base on Balls
Batting: LHB Tony Kemp 0-0: Ball
1-0: Swinging Strike
1-1: Foul Ball, location: 2F
1-2: Foul Ball, location: 2F
1-2: Ball
2-2: Foul Ball, location: 2F
2-2: Foul Ball, location: 2F
2-2: Strikes out swinging
Batting: RHB Manny Margot 0-0: Called Strike
0-1: Foul Ball, location: 2F
0-2: Ball
1-2: Fielders Choice at 2nd, 6-4 (Groundball, 6)
Bottom of the 4th over - 1 run, 1 hit, 0 errors, 1 left on base; Oakland 1 - New York 4
TOP OF THE 5TH
Oakland Athletics batting - Pitching for New York Yankees : RHP Ben Lively
Batting: LHB Shin-Soo Choo 0-0: Swinging Strike
0-1: Ball
1-1: Ball
2-1: Bunt for hit - play at first, batter safe!
Batting: LHB Didi Gregorius 0-0: Ball
1-0: Called Strike
1-1: Ball
2-1: SINGLE (Groundball, 34D)
Shin-Soo Choo to second
Runner from 2nd tries for 3rd, SAFE, throw made to third
Batting: RHB Chris Owings 0-0: Called Strike
0-1: SINGLE (Line Drive, 8RS)
Shin-Soo Choo scores
Didi Gregorius to second
Batting: LHB Max Schrock 0-0: Fly out, F9 (Flyball, 9S)
Batting: RHB DJ LeMahieu 0-0: Swinging Strike
0-1: Called Strike
0-2: Ball
1-2: SINGLE (Flyball, 9LM)
Didi Gregorius to third
Chris Owings to second
Batting: LHB Herschel Powell 0-0: Ball
1-0: Ball
2-0: Ball
3-0: Base on Balls
Didi Gregorius scores
Chris Owings to third
DJ LeMahieu to second
Batting: RHB Rhys Hoskins 0-0: Ball
1-0: Fly out, F7 (Line Drive, 7D)
Runner from 3rd tags up, SCORES, throw made
Batting: RHB Paul Goldschmidt 0-0: Ball
1-0: Swinging Strike
1-1: Foul Ball, location: 2F
1-2: Fly out, F7 (Flyball, 7LD)
Top of the 5th over - 3 runs, 4 hits, 0 errors, 2 left on base; Oakland 4 - New York 4
BOTTOM OF THE 5TH
New York Yankees batting - Pitching for Oakland Athletics : LHP Gio Gonzalez
Batting: LHB Willie Calhoun 0-0: Called Strike
0-1: Ground out 6-3 (Groundball, 6)
Batting: RHB Ryan Braun 0-0: Ball
1-0: Foul Ball, location: 2F
1-1: Ball
2-1: Reached on error, E5 (Groundball, 56S)
Batting: RHB Anthony Rendon 0-0: Called Strike
0-1: Ball
1-1: Grounds into double play, 5-4-3 (Groundball, 56S)
Bottom of the 5th over - 0 runs, 0 hits, 1 error, 0 left on base; Oakland 4 - New York 4
TOP OF THE 6TH
Oakland Athletics batting - Pitching for New York Yankees : RHP Ben Lively
Batting: RHB Cam Gallagher 0-0: Called Strike
0-1: Foul Ball, location: 2F
0-2: Ball
1-2: Ball
2-2: Ball
3-2: Foul Ball, location: 2F
3-2: Base on Balls
Batting: LHB Shin-Soo Choo 0-0: Ball
1-0: Called Strike
1-1: SINGLE (Flyball, 89M)
Cam Gallagher to second
Runner from 2nd tries for 3rd, SAFE, no throw
Batting: LHB Didi Gregorius 0-0: Hit by Pitch
Shin-Soo Choo to second
Batting: RHB Chris Owings 0-0: Ball
1-0: Called Strike
1-1: Ball
2-1: Grounds into double play, 5-2-3 (Groundball, 56)
Shin-Soo Choo to third
Didi Gregorius to second
Batting: LHB Max Schrock 0-0: Foul Ball, location: 2F
0-1: SINGLE (Flyball, 8LS)
Shin-Soo Choo scores
Didi Gregorius to third
Runner from 3rd tries for Home, SAFE, throw made home
Batting: RHB DJ LeMahieu 0-0: Ball
Max Schrock is caught stealing 2nd base
Top of the 6th over - 2 runs, 2 hits, 0 errors, 0 left on base; Oakland 6 - New York 4
BOTTOM OF THE 6TH
New York Yankees batting - Pitching for Oakland Athletics : LHP Gio Gonzalez
Batting: RHB Devon Travis 0-0: Called Strike
0-1: Fly out, F7 (Line Drive, 7D)
Batting: RHB Francisco Cervelli 0-0: Ball
1-0: Ball
2-0: Swinging Strike
2-1: Ball
3-1: Base on Balls
Pitching: RHP Chasen Bradford
Batting: LHB Brandon Crawford 0-0: Called Strike
0-1: Ball
1-1: Ball
2-1: Foul Ball, location: 2F
2-2: Ball
3-2: Base on Balls
Francisco Cervelli to second
Batting: LHB Logan Morrison 0-0: Grounds into double play, 4-6-3 (Groundball, 4)
Bottom of the 6th over - 0 runs, 0 hits, 0 errors, 1 left on base; Oakland 6 - New York 4
TOP OF THE 7TH
Oakland Athletics batting - Pitching for New York Yankees : RHP Ben Lively
Batting: RHB DJ LeMahieu 0-0: Called Strike
0-1: Fly out, F7 (Line Drive, 7)
Batting: LHB Herschel Powell 0-0: Called Strike
0-1: SINGLE (Flyball, 9S)
Batting: RHB Rhys Hoskins 0-0: Called Strike
0-1: Ball
1-1: 2-RUN HOME RUN (Flyball, 8LXD), Distance : 435 ft
Pitching: RHP Shane Greene
Batting: RHB Paul Goldschmidt 0-0: Ball
1-0: Called Strike
1-1: Ball
2-1: Ground out 6-3 (Groundball, 6)
Batting: RHB Cam Gallagher 0-0: Ball
1-0: Foul Ball, location: 2F
1-1: Ground out 5-3 (Groundball, 56)
Top of the 7th over - 2 runs, 2 hits, 0 errors, 0 left on base; Oakland 8 - New York 4
BOTTOM OF THE 7TH
New York Yankees batting - Pitching for Oakland Athletics : RHP Chasen Bradford
Batting: LHB Tony Kemp 0-0: Ball
1-0: Called Strike
1-1: Foul Ball, location: 2F
1-2: Ball
2-2: Ball
3-2: Foul Ball, location: 2F
3-2: Fly out, F4 (Line Drive, 4)
Batting: RHB Manny Margot 0-0: Ball
1-0: Called Strike
1-1: Foul Ball, location: 2F
1-2: Ball
2-2: Ball
3-2: Foul Ball, location: 2F
3-2: Foul Ball, location: 2F
3-2: SINGLE (Line Drive, 78S)
Batting: LHB Willie Calhoun 0-0: Ball
1-0: Called Strike
1-1: Called Strike
1-2: Ball
2-2: Ball
3-2: Fly out, F2 (Popup, 25F)
Batting: RHB Ryan Braun 0-0: Ball
1-0: Called Strike
1-1: SINGLE (Groundball, 56) (infield hit)
Manny Margot to second
Batting: RHB Anthony Rendon 0-0: Ball
1-0: Ball
2-0: Called Strike
2-1: Foul Ball, location: 2F
2-2: Ball
3-2: Base on Balls
Manny Margot to third
Ryan Braun to second
Batting: RHB Devon Travis 0-0: Fly out, F8 (Flyball, 78D)
Bottom of the 7th over - 0 runs, 2 hits, 0 errors, 3 left on base; Oakland 8 - New York 4
TOP OF THE 8TH
Oakland Athletics batting - Pitching for New York Yankees : RHP Shane Greene
Batting: LHB Shin-Soo Choo 0-0: Called Strike
0-1: Ball
1-1: Ball
2-1: Foul Ball, location: 2F
2-2: Fly out, F5 (Popup, 15)
Batting: LHB Didi Gregorius 0-0: Ball
1-0: Ball
2-0: Foul Ball, location: 2F
2-1: Ball
3-1: Called Strike
3-2: Fly out, F8 (Flyball, 8RM)
Batting: RHB Chris Owings 0-0: Swinging Strike
0-1: Ball
1-1: Called Strike
1-2: Ground out 5-3 (Groundball, 56)
Top of the 8th over - 0 runs, 0 hits, 0 errors, 0 left on base; Oakland 8 - New York 4
BOTTOM OF THE 8TH
New York Yankees batting - Pitching for Oakland Athletics : RHP Chasen Bradford
Pitching: RHP Mike Leake
Batting: RHB Francisco Cervelli 0-0: Ball
1-0: Ball
2-0: Ball
3-0: Base on Balls
Batting: LHB Brandon Crawford 0-0: Grounds into double play, 5-4-3 (Groundball, 5L)
Batting: LHB Logan Morrison 0-0: Ball
1-0: Called Strike
1-1: Swinging Strike
1-2: Foul Ball, location: 2F
1-2: Ball
2-2: Ball
3-2: Foul Ball, location: 2F
3-2: Foul Ball, location: 2F
3-2: SINGLE (Groundball, 4MD)
Batting: LHB Tony Kemp 0-0: Swinging Strike
0-1: Ball
1-1: SINGLE (Groundball, 6MD)
Logan Morrison to second
Runner from 2nd tries for 3rd, SAFE, throw made to third
Pitching: RHP Michael Feliz
Batting: RHB Manny Margot 0-0: Ball
1-0: Called Strike
1-1: Fly out, F3 (Popup, 3SF)
Bottom of the 8th over - 0 runs, 2 hits, 0 errors, 2 left on base; Oakland 8 - New York 4
TOP OF THE 9TH
Oakland Athletics batting - Pitching for New York Yankees : RHP Shane Greene
Pitching: LHP Josh Hader
Batting: LHB Max Schrock 0-0: Called Strike
0-1: Ball
1-1: Ball
2-1: Foul Ball, location: 2F
2-2: Ball
3-2: Foul Ball, location: 2F
3-2: Ground out 4-3 (Groundball, 4)
Batting: RHB DJ LeMahieu 0-0: Called Strike
0-1: Ball
1-1: DOUBLE (Line Drive, 8RD)
Pitching: RHP Josh Lucas
Batting: LHB Herschel Powell 0-0: Ball
1-0: Ball
2-0: Called Strike
2-1: Ball
3-1: Foul Ball, location: 2F
3-2: Strikes out looking
Batting: RHB Rhys Hoskins 0-0: Swinging Strike
0-1: Ball
1-1: Foul Ball, location: 2F
1-2: Foul Ball, location: 2F
1-2: Ground out 6-3 (Groundball, 56)
Top of the 9th over - 0 runs, 1 hit, 0 errors, 1 left on base; Oakland 8 - New York 4
BOTTOM OF THE 9TH
New York Yankees batting - Pitching for Oakland Athletics : RHP Michael Feliz
Batting: LHB Willie Calhoun 0-0: Ball
1-0: Foul Ball, location: 2F
1-1: Foul Ball, location: 2F
1-2: Fly out, F8 (Flyball, 8LS)
Batting: RHB Ryan Braun 0-0: Ball
1-0: Ball
2-0: Ground out 6-3 (Groundball, 6M)
Batting: RHB Anthony Rendon 0-0: Ball
1-0: Ball
2-0: Called Strike
2-1: Ball
3-1: Foul Ball, location: 2F
3-2: Base on Balls
Batting: RHB Devon Travis 0-0: Swinging Strike
0-1: Ball
1-1: Foul Ball, location: 2F
1-2: Foul Ball, location: 2F
1-2: Strikes out swinging
Bottom of the 9th over - 0 runs, 0 hits, 0 errors, 1 left on base; Oakland 8 - New York 4
Tuesday, July 10th, 2018 - OOTP Baseball 19.7 Build 59